 Dungeon Crawl Stone Soup version 0.21.0-3-g78d12a8 (webtiles) character file.

2550 asthiss the Blocker (level 9, -21/83 HPs)
             Began as a Minotaur Fighter on Jan 10, 2018.
             Was a Believer of Nemelex Xobeh.
             Killed from afar by an ice statue (44 damage)
             ... with a shard of ice
             ... on level 7 of the Dungeon.
             The game lasted 00:32:24 (5587 turns).

asthiss the Blocker (Minotaur Fighter)              Turns: 5587, Time: 00:32:25

Health: -21/83     AC: 12    Str: 22 (25) XL:     9   Next: 30%
Magic:  8/8        EV:  9    Int:  6 (8)  God:    Nemelex Xobeh [**....]
Gold:   389        SH: 11    Dex:  9 (11) Spells: 8/8 levels left

rFire    + + .     SeeInvis .   b - +7 scimitar of Poverty {slice, Str+2 Int+3}
rCold    x . .     Gourm    .   c - +0 shield
rNeg     . . .     Faith    .   i - +4 ring mail {rF+}
rPois    .         Spirit   .   (helmet restricted)
rElec    .         Reflect  .   (no cloak)
rCorr    .         Harm     .   d - +0 pair of gloves
MR       .....                  (no boots)
Stlth    ..........             q - amulet of rage
HPRegen  0.23/turn              j - ring of fire
MPRegen  0.11/turn              m - ring of wizardry

@: no status effects
A: retaliatory headbutt, horns 2
a: Renounce Religion, Evoke Berserk Rage


You were on level 7 of the Dungeon.
You worshipped Nemelex Xobeh.
Nemelex Xobeh was pleased with you.
You were not hungry.

You visited 2 branches of the dungeon, and saw 8 of its levels.

You collected 389 gold pieces.

Inventory:

Hand Weapons
 b - the +7 scimitar of Poverty (weapon) {slice, Str+2 Int+3}
   (You took it off a crimson imp on level 5 of the Dungeon)

   It inflicts extra damage upon your enemies.
   It affects your strength (+2).
   It affects your intelligence (+3).
Missiles
 o - 2 tomahawks (quivered)
Armour
 c - a +0 shield (worn)
 d - a +0 pair of gloves (worn)
 i - a +4 ring mail of fire resistance (worn)
 l - a +8 plate armour of ponderousness
Jewellery
 g - an uncursed ring of teleportation
 j - a ring of fire (left hand)
 m - a ring of wizardry (right hand)
 q - an amulet of rage (around neck)
Wands
 k - a wand of digging (14)
 u - a wand of flame (29)
Scrolls
 a - 3 scrolls of remove curse
 e - a scroll of blinking
 h - 3 scrolls of magic mapping
Potions
 t - a potion of curing
 v - a potion of magic
Books
 r - Carifoew's Incunabulum of Shifting Dislocation
   (You found it on level 6 of the Dungeon)

   Spells                             Type                      Level
   a - Sticks to Snakes               Transmutation                2
   b - Ignite Poison                  Fire/Transmutation/Poison    3
   c - Teleport Other                 Translocation                3
   d - Passage of Golubria            Translocation                4
   e - Yara's Violent Unravelling     Hexes/Transmutation          5
Miscellaneous
 p - a plain deck of escape {drawn: 1}
 s - a plain deck of destruction
 w - a plain deck of destruction
Comestibles
 f - 16 rations
 n - 2 chunks of flesh


   Skills:
 + Level 9.2 Fighting
 + Level 8.8 Long Blades
 + Level 6.5 Throwing
 + Level 9.1 Armour
 + Level 9.2 Shields


You had 8 spell levels left.
You didn't know any spells.

Dungeon Overview and Level Annotations

Branches:
Dungeon (7/15)             Temple (1/1) D:6

Altars:
Ashenzari
Cheibriados
Dithmenos
Elyvilon
Fedhas
Gozag
Hepliaklqana
Makhleb
Nemelex Xobeh
Okawaru
Ru
Sif Muna
Trog
Uskayaw
Vehumet
Wu Jian
Xom
Yredelemnul
Zin
The Shining One

Shops:
D:5 :

Annotations:
D:7 exclusion: ice statue


Innate Abilities, Weirdness & Mutations

You reflexively headbutt those who attack you in melee.
You have a pair of horns on your head.


Message History

The ice beast completely misses you.
You riposte.
You slash the ice beast! You headbutt the ice beast.
The ice beast is almost dead.
The ice statue glitters chillingly in the dim dungeon light.
The ice statue gestures at you.
The bolt of cold hits the ice beast.
The ice beast completely resists.
The bolt of cold hits you!
You feel a terrible chill!
Ouch! That really hurt!
You closely miss the ice beast. Your headbutt misses the ice beast.
The ice beast is almost dead.
The ice beast barely misses you.
You riposte.
You closely miss the ice beast.
The ice beast is almost dead.
The ice statue gestures.
You slice the ice beast!!
You kill the ice beast!
The ice statue gestures at you. The shard of ice hits you!
You feel a painful chill!
Ouch! That really hurt!
You die...
Your body glows slightly and disappears.

#.....# #.....#
#.....# #≈≈≈≈Y#
#≈≈8≈≈# #≈≈§≈≈#
#.....# #..@..#
#.....# #.....#
#.....# ##########
#⌠...⌠#
#........#####..###
#..............##
#........#######
#.<......#


You could see an ice statue and an ice beast.

Vanquished Creatures
  A spriggan (D:7)
  The ghost of Gobbopathe the Ruffian, an amateur VSTm (D:3)
  An orc warrior (D:6)
  A sky beast (D:7)
  An ice beast (D:5)
  An ogre (D:5)
  A phantom (D:6)
  3 centaurs
  A bullfrog (D:6)
  A water moccasin skeleton (D:6)
  2 scorpions (D:6)
  2 howler monkeys
  A crimson imp (D:5)
  A bullfrog zombie (D:7)
  2 hounds
  2 orc priests
  A centaur skeleton (D:4)
  A jelly (D:5)
  6 orc wizards
  Jessica (D:4)
  3 iguanas
  Ijyb (D:3)
  2 worker ants
  A mummy (D:7)
  4 gnolls (D:6)
  9 adders
  An ooze (D:1)
  2 worms
  9 dart slugs
  7 leopard geckos
  33 orcs
  8 bats
  8 giant cockroaches
  12 goblins
  13 hobgoblins
  18 jackals
  4 quokkas
  5 ball pythons
  10 frilled lizards
  A jackal skeleton (D:6)
  11 kobolds
  11 rats
204 creatures vanquished.

Notes
Turn   | Place    | Note
-------+----------+-------------------------------------------
     0 | D:1      | asthiss the Minotaur Fighter began the quest for the Orb.
     0 | D:1      | Reached XP level 1. HP: 19/19 MP: 0/0
   119 | D:1      | Reached XP level 2. HP: 23/27 MP: 1/1
   207 | D:1      | Reached XP level 3. HP: 28/33 MP: 2/2
   794 | D:2      | Reached XP level 4. HP: 33/41 MP: 3/3
  1187 | D:2      | Reached XP level 5. HP: 43/47 MP: 4/4
  1495 | D:3      | Noticed Ijyb
  1501 | D:3      | Killed Ijyb
  1512 | D:3      | Reached skill level 1 in Throwing
  1515 | D:3      | Noticed Gobbopathe's ghost (amateur VSTm)
  1865 | D:3      | Reached skill level 5 in Fighting
  1865 | D:3      | Reached skill level 5 in Shields
  2184 | D:3      | Killed Gobbopathe's ghost
  2184 | D:3      | Reached skill level 5 in Armour
  2184 | D:3      | Reached XP level 6. HP: 56/56 MP: 5/5
  2596 | D:4      | Reached skill level 5 in Throwing
  2596 | D:4      | Reached XP level 7. HP: 69/69 MP: 6/6
  2882 | D:4      | Found a sparkling altar of Nemelex Xobeh.
  2882 | D:4      | Noticed Jessica
  2884 | D:4      | Killed Jessica
  2891 | D:4      | Became a worshipper of Nemelex Xobeh the Trickster
  3323 | D:5      | Entered Level 5 of the Dungeon
  3344 | D:5      | Reached XP level 8. HP: 73/75 MP: 7/7
  3503 | D:5      | Received a gift from Nemelex Xobeh
  3506 | D:5      | Found Doipn's Book Shoppe.
  3762 | D:5      | Got a steaming scimitar {slice}
  3763 | D:5      | Identified the +7 scimitar of Poverty {slice, Str+2 Int+3} (You took it off a crimson imp on level 5 of the Dungeon)
  4399 | D:6      | Found a staircase to the Ecumenical Temple.
  4509 | D:6      | Identified Carifoew's Incunabulum of Shifting Dislocation
  4556 | D:6      | Reached XP level 9. HP: 57/83 MP: 8/8
  4770 | D:6      | Reached * piety under Nemelex Xobeh
  4972 | Temple   | Entered the Ecumenical Temple
  5202 | D:7      | Noticed a dagger
  5204 | D:7      | Noticed a hand axe
  5210 | D:7      | Found a hide-covered altar of Uskayaw.
  5222 | D:7      | Found a deep blue altar of Sif Muna.
  5229 | D:7      | Received a gift from Nemelex Xobeh
  5329 | D:7      | Reached ** piety under Nemelex Xobeh
  5395 | D:7      | Received a gift from Nemelex Xobeh
  5501 | D:7      | Found a snail-covered altar of Cheibriados.
  5580 | D:7      | Noticed an ice statue
  5587 | D:7      | Killed from afar by an ice statue

Skill      XL: |  1  2  3  4  5  6  7  8  9 |
---------------+----------------------------+-----
Fighting       | 4 5 8 9 |  9.2
Armour         | 4 5 8 9 |  9.1
Shields        | 4 5 8 9 |  9.2
Long Blades    | 3 4 8 |  8.8
Throwing       | 1 5 6 |  6.5

Action                   |  1- 3 |  4- 6 |  7- 9 || total
-------------------------+-------+-------+-------++-------
Melee: Long sword        |   104 |   185 |    91 ||   380
       Headbutt          |    17 |    29 |    40 ||    86
       Scimitar          |       |       |   111 ||   111
Evoke: Deck              |       |       |     1 ||     1
  Use: Scroll            |     5 |     7 |     6 ||    18
       Potion            |     2 |     6 |     4 ||    12
  Eat: Chunk             |       |     6 |    10 ||    16
Armor: Scale mail        |    40 |       |       ||    40
       Ring mail         |     9 |    74 |    67 ||   150
Dodge: Dodged            |    29 |    51 |    52 ||   132
Block: Shield            |    50 |    99 |   118 ||   267
       Rpst.: Long sword |    10 |    15 |     3 ||    28
       Scimitar          |       |       |     8 ||     8
